 Dungeon Crawl Stone Soup version 0.31-a0-986-g5e6e4ef867 (webtiles) character file.

Game seed: 4169055347839385243

1558 Lobster4 the Ducker (level 9, -2/63 HPs)
             Began as a Djinni Gladiator on Nov 8, 2023.
             Was an Initiate of Makhleb.
             Slain by Maggie
             ... wielding a +2 heavy morningstar
              (22 damage)
             ... on level 6 of the Dungeon.
             The game lasted 00:20:32 (5336 turns).

Lobster4 the Ducker (Djinni Gladiator)              Turns: 5336, Time: 00:20:32

Health: -2/63      AC: 10    Str: 15    XL:     9   Next: 12%
Gold:   391        EV: 13    Int: 15    God:    Makhleb [......] SH:  0 Dex: 14

rFire   + + .        a - +3 trident (venom)
rCold   x . .        (no shield)
rNeg    . . .        p - +0 leather armour
rPois   ∞            A - +5 helmet of Inviolability {-Tele Regen+ Int+2}
rElec   .            (no cloak)
rCorr   .            q - +0 pair of gloves
SInv    .            (boots unavailable)
Will    .....        (no amulet)
Stlth   +            (no ring)
HPRegen 1.10/turn    (no ring)
MPRegen 0.00/turn

%: no teleportation, infuse magic (-3 HP)
@: flying
A: sickness immunity, fire resistance 2, cold vulnerability 1, float, innate
caster, HP casting, extra vitality 1
a: Renounce Religion


You were on level 6 of the Dungeon.
You worshipped Makhleb.
Makhleb was noncommittal.
You visited 2 branches of the dungeon, and saw 7 of its levels.

You collected 391 gold pieces.

Inventory:

Hand Weapons
 a - a +3 trident of venom (weapon)
 b - a +1 sling of electrocution
 l - the +8 flail "Ceomuixuu" {flame, Int+2 Dex+3 Stlth+}
   (You found it on level 5 of the Dungeon)

   Int+2:     It affects your intelligence (+2).
   Dex+3:     It affects your dexterity (+3).
   Stlth+:    It makes you more stealthy.
 s - a +1 short sword of venom
 v - a +3 rapier
 z - a +0 dagger of flaming
Missiles
 e - a javelin
 k - 8 boomerangs
 w - 4 atropa-tipped darts
Armour
 c - a +0 helmet
 h - a +0 ring mail
 p - a +0 leather armour (worn)
 q - a +0 pair of gloves (worn)
 A - the +5 helmet of Inviolability (worn) {-Tele Regen+ Int+2}
   (You found it on level 5 of the Dungeon)

   Int+2:     It affects your intelligence (+2).
   -Tele:     It prevents most forms of teleportation.
   Regen+:    It increases your rate of health regeneration.
Magical Staves
 j - a staff of cold
Jewellery
 o - a ring of fire
Scrolls
 r - a scroll of brand weapon
 u - 3 scrolls of immolation
 y - 4 scrolls of enchant weapon
 B - a scroll of revelation {unknown}
Potions
 f - 3 potions of curing
 g - a potion of resistance
 i - 2 potions of enlightenment
 n - 3 potions of heal wounds {unknown}
 t - a potion of attraction {unknown}
 x - a potion of might {unknown}


   Skills:
 + Level 4.5 Fighting
 + Level 2.0 Maces & Flails
 - Level 4.0 Polearms
 + Level 2.8 Ranged Weapons
 - Level 3.0 Throwing
 + Level 3.9 Armour
 - Level 5.0 Dodging
 + Level 2.4 Spellcasting
 + Level 2.4 Conjurations
 + Level 2.4 Hexes
   Level 0.0 Charms
 + Level 2.4 Summonings
 + Level 2.4 Necromancy
 + Level 2.4 Translocations
 + Level 2.4 Transmutations
 + Level 2.4 Fire Magic
 + Level 2.4 Ice Magic
 + Level 2.4 Air Magic
 + Level 2.4 Earth Magic
 + Level 2.4 Poison Magic
 + Level 0.0 Invocations
 + Level 2.6 Evocations


You knew the following spells:

 Your Spells              Type           Power      Damage    Failure   Level
a - Kiss of Death         Conj/Necr      36%        2d8       10%         1
b - Momentum Strike       Conj/Tloc      18%        3d8       14%         2
c - Call Imp              Summ           18%        N/A       14%         2
d - Animate Dead          Necr           9%         N/A       67%         4
Your spell library was empty.

Dungeon Overview and Level Annotations

Branches:
Dungeon (6/15)             Temple (1/1) D:6

Altars:
Ashenzari
Cheibriados
Dithmenos
Elyvilon
Fedhas
Makhleb
Nemelex Xobeh
Okawaru
Qazlal
Ru
Wu Jian
Xom
Yredelemnul
Zin
The Shining One

Shops:
D:3 [

Annotations:
D:6 Maggie


Innate Abilities, Weirdness & Mutations

You are immune to sickness and miasma.
You are immune to poison.
Your flesh is very heat resistant. (rF++)
You are vulnerable to cold. (rC-)
You float through the air rather than walking.
You learn spells naturally, not from books.
Your magical power is your life essence.
You have superior vitality. (+4 MHP)


Message History

Aim: Maggie, wielding a +2 heavy morningstar and wearing +1 swamp dragon scales (severely wounded, very poisoned, 63% to hit)
You throw a throwing net. The throwing net barely misses Maggie.
The bullfrog hits you but does no damage.
Maggie hits you with a +2 heavy morningstar!
You hit Maggie.
Maggie is severely wounded.
The bullfrog closely misses you. The bullfrog barely misses you.
You closely miss Maggie.
Maggie is severely wounded.
Maggie hits you with a +2 heavy morningstar.
The bullfrog hits you.
You hit Maggie but do no damage.
Maggie looks as sick as possible!
Maggie is severely wounded.
The bullfrog completely misses you.
Maggie casts a spell.
Maggie attempts to bespell you! You resist with almost no effort.
The bullfrog hits you.
You barely miss Maggie.
Maggie is severely wounded.
The bullfrog barely misses you. Maggie closely misses you.
The bullfrog hits you!
You barely miss Maggie.
Maggie is severely wounded.
The bullfrog closely misses you.
Maggie hits you with a +2 heavy morningstar!
* * * LOW HITPOINT WARNING * * *
You barely miss Maggie.
Maggie is almost dead.
The bullfrog closely misses you.
The bullfrog hits you but does no damage.
You hit the bullfrog.
The bullfrog is poisoned.
The bullfrog is lightly wounded.
The bullfrog hits you but does no damage.
Maggie mumbles some strange words.
Maggie attempts to bespell you! You resist with almost no effort.
The bullfrog completely misses you.
You hit Maggie but do no damage.
Maggie is almost dead.
Maggie hits you with a +2 heavy morningstar!!
You die...

.......#...............#########.
....[.....###.....##..##.......#.
....#.....#.#.....#....#.......#.
....#..................+...>...+.
.##......###..[........#.......#.
..##.##.##...........#.#.......#.
.##...####...........######'#####
#####.## #...........# #).......#
##.....#.......F@....###.........
...###..........@.....##.........
..## ...............####........
...# ...........#......#.<....##
#.## ........(((###..........##
#.### ##.......####.......#..##
....# ...###. #.#......#### ...##
#... .# ...##[...## #...# ...
......#


You could see Maggie (very poisoned) and a bullfrog (very poisoned).

Vanquished Creatures
  Duvessa (D:6)
  A water moccasin (D:5)
  A centaur (D:6)
  2 ogres
  5 scorpions
  Dowan (D:6)
  3 jellies
  An orc priest (D:6)
  6 hounds
  Ijyb (D:2)
  Jessica (D:3)
  Terence (D:3)
  4 iguanas
  2 orc wizards (D:6)
  Robin (D:4)
  11 adders
  2 shadow imps
  2 ufetubi (D:5)
  2 worms
  3 dart slugs
  12 orcs
  2 bats (D:1)
  3 endoplasms
  4 giant cockroaches
  18 goblins
  6 hobgoblins
  7 kobolds
  2 quokkas
  4 ball pythons (D:1)
  2 frilled lizards
  6 rats
117 creatures vanquished.

Notes
Turn   | Place    | Note
-------+----------+-------------------------------------------
     0 | D:1      | Lobster4 the Djinni Gladiator began the quest for the Orb.
     0 | D:1      | Reached XP level 1. HP: 18/18 MP: 0/0
   147 | D:1      | Reached XP level 2. HP: 23/23 MP: 0/0
   529 | D:1      | Reached XP level 3. HP: 28/28 MP: 0/0
   529 | D:1      | Learned a level 1 spell: Kiss of Death
  1166 | D:2      | Found a glowing golden altar of the Shining One.
  1243 | D:2      | Reached skill level 1 in Armour
  1339 | D:2      | Found a faded altar of an unknown god.
  1410 | D:2      | Reached XP level 4. HP: 25/34 MP: 0/0
  1633 | D:3      | Noticed Ijyb
  1640 | D:3      | Paralysed by Ijyb for 4 turns
  1661 | D:2      | Paralysed by Ijyb for 5 turns
  1664 | D:2      | Killed Ijyb
  1872 | D:3      | Noticed Jessica
  1877 | D:3      | Killed Jessica
  1878 | D:3      | Reached XP level 5. HP: 39/39 MP: 0/0
  1878 | D:3      | Learned a level 2 spell: Momentum Strike
  2201 | D:3      | Noticed Terence
  2585 | D:3      | Found Odaisan's Armour Shoppe.
  2638 | D:4      | Reached skill level 4 in Dodging
  2734 | D:4      | Noticed Robin
  2955 | D:4      | Reached skill level 1 in Ranged Weapons
  2955 | D:4      | Reached skill level 1 in Spellcasting
  2955 | D:4      | Reached skill level 1 in Conjurations
  2955 | D:4      | Reached skill level 1 in Hexes
  2955 | D:4      | Reached skill level 1 in Summonings
  2955 | D:4      | Reached skill level 1 in Necromancy
  2955 | D:4      | Reached skill level 1 in Translocations
  2955 | D:4      | Reached skill level 1 in Transmutations
  2955 | D:4      | Reached skill level 1 in Fire Magic
  2955 | D:4      | Reached skill level 1 in Ice Magic
  2955 | D:4      | Reached skill level 1 in Air Magic
  2955 | D:4      | Reached skill level 1 in Earth Magic
  2955 | D:4      | Reached skill level 1 in Poison Magic
  2955 | D:4      | Reached XP level 6. HP: 46/46 MP: 0/0
  3029 | D:4      | Noticed an ogre
  3051 | D:3      | Killed Terence
  3188 | D:4      | Killed Robin
  3196 | D:4      | Reached XP level 7. HP: 44/50 MP: 0/0
  3196 | D:4      | Learned a level 2 spell: Call Imp
  3687 | D:5      | Entered Level 5 of the Dungeon
  3698 | D:5      | Noticed a water moccasin
  3709 | D:5      | Killed a water moccasin
  3799 | D:5      | Identified the +8 flail "Ceomuixuu" {flame, Int+2 Dex+3
                  | Stlth+}
  3815 | D:5      | Reached skill level 1 in Evocations
  3815 | D:5      | Reached XP level 8. HP: 48/58 MP: 0/0
  4106 | D:5      | Reached skill level 5 in Dodging
  4114 | D:5      | Reached skill level 1 in Maces & Flails
  4310 | D:5      | Identified the +5 helmet of Inviolability {-Tele Regen+
                  | Int+2}
  4622 | D:6      | Noticed Duvessa
  4622 | D:6      | Noticed Dowan
  4784 | D:6      | Killed Duvessa
  4838 | D:6      | Killed Dowan
  4927 | D:6      | Reached XP level 9. HP: 62/63 MP: 0/0
  4927 | D:6      | Learned a level 4 spell: Animate Dead
  5021 | D:6      | Found a staircase to the Ecumenical Temple.
  5027 | Temple   | Entered the Ecumenical Temple
  5103 | Temple   | Became a worshipper of Makhleb the Destroyer
  5313 | D:6      | Noticed Maggie
  5336 | D:6      | Slain by Maggie

Illustrated notes

Levels and vault maps discovered:
D:1:      dreamdust_arrival_sigmund_warning, layout_loops_corners
D:2:      layout_basic, basic_altar, hellmonk_ecumenical_altar_heavens_door,
          solitary_fountain
D:3:      layout_basic, serial_shops, shop, uniq_ijyb, uniq_terence,
          uniq_jessica
D:4:      layout_layer_cave, uniq_robin
D:5:      layout_loops_ring
D:6:      layout_cave_pools, temple_green, uniq_duvessa, uniq_maggie
Temple:   minmay_crystal_spiral_temple

Skill      XL: |  1  2  3  4  5  6  7  8  9 |
---------------+----------------------------+-----
Armour         | 1 2 3 |  3.9
Throwing       | 2 3 |  3.0
Polearms       | 3 4 |  4.0
Dodging        | 4 5 |  5.0
Fighting       | 3 4 |  4.5
Ranged Weapons | 1 2 |  2.8
Spellcasting   | 1 2 |  2.4
Conjurations   | 1 2 |  2.4
Hexes          | 1 2 |  2.4
Summonings     | 1 2 |  2.4
Necromancy     | 1 2 |  2.4
Translocations | 1 2 |  2.4
Transmutations | 1 2 |  2.4
Fire Magic     | 1 2 |  2.4
Ice Magic      | 1 2 |  2.4
Air Magic      | 1 2 |  2.4
Earth Magic    | 1 2 |  2.4
Poison Magic   | 1 2 |  2.4
Evocations     | 1 2 |  2.6
Maces & Flails | 1 2 |  2.0

Action                     |  1- 3 |  4- 6 |  7- 9 || total
---------------------------+-------+-------+-------++-------
  Melee: Trident           |   110 |   114 |   165 ||   389
         Punch             |       |       |     3 ||     3
   Fire: Sling             |       |    29 |    70 ||    99
  Throw: Throwing net      |       |     1 |     3 ||     4
         Dart              |       |       |     5 ||     5
   Cast: Call Imp          |       |       |     2 ||     2
  Evoke: Wand              |       |       |     4 ||     4
    Use: Scroll            |     3 |     9 |     2 ||    14
         Potion            |       |     1 |       ||     1
   Stab: Sleeping          |     2 |     1 |     1 ||     4
         Paralysed         |       |       |     5 ||     5
         Invisible         |       |       |     1 ||     1
 Armour: Leather armour    |    49 |    64 |   131 ||   244
  Dodge: Dodged            |    49 |    69 |   124 ||   242

Table legend: (Time is in decaauts)
 A = Elapsed time spent in this place.
 B = Non-inter-level travel time spent in this place.
 C = Inter-level travel time spent in this place.
 D = Time resting spent in this place.
 E = Time spent auto-exploring this place.
 F = Levels seen in this place.
 G = Mean time per level.
                   A        B        C        D        E       F      G
               +--------+--------+--------+--------+--------+-----+--------+
         Total |   5406 |   5020 |    386 |    293 |   3441 |   7 |  772.3 |
       Dungeon |   5253 |   5017 |    236 |    293 |   3441 |   6 |  875.5 |
        Temple |    152 |      2 |    150 |      0 |      0 |   1 |  152.0 |
               +--------+--------+--------+--------+--------+-----+--------+

Top non-repeatable levels by time:
     D:5: 1079 daAuts
     D:3: 1063 daAuts
     D:4: 965 daAuts
     D:1: 956 daAuts
     D:2: 748 daAuts
     D:6: 439 daAuts
  Temple: 152 daAuts
